 Dungeon Sprint DCSS version 0.16.1-11-g651b585 (webtiles) character file.

908 karlm the Fighter (level 7, 0/73 HPs)
             Began as a Minotaur Berserker on Apr 5, 2015.
             Was an Elder of Trog.
             Slain by a boulder beetle (11 damage)
             ... in the Dungeon (Sprint II: "The Violet Keep of Menkaure").
             The game lasted 00:01:20 (486 turns).

karlm the Fighter (Minotaur Berserker)               Turns: 486, Time: 00:01:20

Health: 0/73       AC:  2    Str: 22      XL:     7   Next: 81%
Magic:  3/3        EV: 16    Int:  3 (4)  God:    Trog [****..]
Gold:   729        SH:  0    Dex: 11      Spells: 0 memorised, 6 levels left

rFire  . . .     SeeInvis .     a - +0 hand axe
rCold  . . .     Clarity  .     b - +0 animal skin (curse)
rNeg   . . .     SustAb   .     (no shield)
rPois  .         Gourm    .     (helmet restricted)
rElec  .         Spirit   .     (no cloak)
rCorr  .         Warding  .     (no gloves)
rMut   .         NoTele   +     (no boots)
MR     .....                    (no amulet)
Stlth  +.........               (no ring)
                                (no ring)

@: exhausted, not resistant to hostile enchantments, very unstealthy
A: retaliatory headbutt, horns 2
a: Burn Spellbooks, Berserk, Trog's Hand, Brothers in Arms, Renounce Religion


You were in the Dungeon.
You worshipped Trog.
Trog was greatly pleased with you.
You were not hungry.

You visited 1 branch You collected 729 gold pieces.

Inventory:

Hand weapons
 a - a +0 hand axe (weapon)
Missiles
 j - 3 steel javelins (quivered)
Armour
 b - a cursed +0 animal skin (worn)
Scrolls
 i - a scroll of blinking
Potions
 d - a potion of curing
 e - a potion of heal wounds
 f - a potion of haste
 g - 2 potions of magic
 h - a potion of berserk rage
Comestibles
 c - 4 chunks of flesh


   Skills:
 + Level 10.8 Fighting
 + Level 10.8 Axes
 + Level 10.5 Armour
 + Level 9.7 Dodging


You had 6 spell levels left.
You didn't know any spells.

Dungeon Overview and Level Annotations

Branches:
Dungeon (1/1)

Altars:


Innate Abilities, Weirdness & Mutations

You reflexively headbutt those who attack you in melee.
You have a pair of horns on your head.


Message History

The boulder beetle is heavily wounded.
The boulder beetle barely misses you. You furiously retaliate!
You headbutt the boulder beetle, but do no damage.
You feel your intelligence returning.
You hit the boulder beetle but do no damage.
The boulder beetle is heavily wounded.
You hit the boulder beetle but do no damage.
You headbutt the boulder beetle, but do no damage.
The boulder beetle is heavily wounded.
The boulder beetle bites you!!
* * * LOW HITPOINT WARNING * * *
You hit the boulder beetle but do no damage.
The boulder beetle is heavily wounded.
The boulder beetle curls into a ball and starts rolling!
The boulder beetle smashes into the boulder beetle!
The boulder beetle stops rolling.
You hit the boulder beetle but do no damage.
The boulder beetle is almost dead.
The boulder beetle bites you!
You die...

#≈≈#+++#+++##
#≈≈≈.........#
≈≈≈≈.##'##..# ≈
####.##.####
#..##.#....# ##
#...####..##
##.###'###.##..#
#$.B##.##...#.§#
#B@<.'.##'..#
#...##.####.#....#
##.###'###.##......≈
####.#.### ≈≈§....≈#
#.###.# ≈≈≈≈≈..≈
##.#.## §§≈≈≈≈.
##'## ≈§≈§§≈≈
#≈≈≈≈≈≈≈≈≈≈≈≈§≈
#+++#+++#≈≈≈


You could see 2 boulder beetles.

Vanquished Creatures
  A baby alligator (D)
  2 hippogriffs (D)
  Menkaure (D)
  A crocodile (D)
  4 brain worms (D)
  3 worms (D)
12 creatures vanquished.

Notes
Turn   | Place    | Note
--------------------------------------------------------------
     0 | D        | karlm, the Minotaur Berserker, began the quest for the Orb.
     0 | D        | Reached XP level 1. HP: 19/19 MP: 1/1
     6 | D        | Reached skill level 4 in Fighting
     7 | D        | Reached XP level 2. HP: 22/28 MP: 1/1
    67 | D        | Noticed Menkaure
    70 | D        | Killed Menkaure
    70 | D        | Acquired Trog's second power
    70 | D        | Reached skill level 6 in Fighting
    70 | D        | Reached skill level 5 in Armour
    70 | D        | Reached skill level 5 in Dodging
    70 | D        | Reached XP level 3. HP: 21/38 MP: 2/2
    70 | D        | Reached XP level 4. HP: 24/45 MP: 2/2
   255 | D        | Noticed a baby alligator
   257 | D        | Noticed a lava snake
   260 | D        | Killed a baby alligator
   260 | D        | Reached skill level 8 in Fighting
   260 | D        | Reached XP level 5. HP: 56/56 MP: 2/2
   260 | D        | Reached XP level 6. HP: 62/62 MP: 3/3
   262 | D        | Noticed a lava snake
   262 | D        | Noticed a brain worm
   262 | D        | Noticed a brain worm
   264 | D        | Noticed a lava snake
   264 | D        | Killed a brain worm
   264 | D        | Reached skill level 9 in Fighting
   269 | D        | Killed a brain worm
   271 | D        | Noticed a brain worm
   271 | D        | Noticed a brain worm
   276 | D        | Killed a brain worm
   280 | D        | Killed a brain worm
   280 | D        | Reached XP level 7. HP: 39/71 MP: 3/3
   428 | D        | Noticed a hippogriff
   428 | D        | Noticed a hippogriff
   437 | D        | Killed a hippogriff
   437 | D        | Reached skill level 10 in Fighting
   437 | D        | Reached skill level 10 in Axes
   440 | D        | Killed a hippogriff
   440 | D        | Acquired Trog's third power
   440 | D        | Reached skill level 10 in Armour
   447 | D        | Noticed an ice statue
   448 | D        | Noticed a crocodile
   452 | D        | Killed a crocodile
   452 | D        | Received a gift from Trog
   472 | D        | Noticed a boulder beetle
   472 | D        | Noticed a boulder beetle
   486 | D        | Slain by a boulder beetle

Action                   |  1- 3 |  4- 6 |  7- 9 || total
-------------------------+-------+-------+-------++-------
Melee: Hand axe          |     7 |    18 |    23 ||    48
Invok: Berserk           |     2 |     1 |     1 ||     4
  Eat: Bread ration      |       |       |     1 ||     1
